 Dungeon Crawl Stone Soup version 0.28.0 (webtiles) character file.

Game seed: 4161208549059064028

463 growler the Gusty (level 7, 0/36 HPs)
             Began as a Tengu Air Elementalist on Feb 10, 2022.
             Slain by a water moccasin (7 damage)
             ... on level 7 of the Dungeon.
             The game lasted 00:09:37 (5155 turns).

growler the Gusty (Tengu Air Elementalist)          Turns: 5155, Time: 00:09:38

Health: 0/36       AC:  3    Str:  8    XL:     7   Next: 7%
Magic:  14/14      EV: 14    Int: 18    God:
Gold:   128        SH:  0    Dex: 14    Spells: 4/14 levels left

rFire   . . .      SeeInvis .   (no weapon)
rCold   . . .      Faith    .   (no shield)
rNeg    . . .      Spirit   .   a - +1 robe
rPois   .          Reflect  .   (helmet restricted)
rElec   .          Harm     .   (no cloak)
rCorr   .          Rampage  .   (no gloves)
Will    .....                   (boots unavailable)
Stlth   ++........              e - amulet of magic regeneration
HPRegen 0.12/turn               (no ring)
MPRegen 0.54/turn               (no ring)

@: flying quickly and evasively, quick
A: beak, talons 3, nimble flight
a: no special abilities


You were on level 7 of the Dungeon.
You visited 1 branch of the dungeon, and saw 5 of its levels.

You collected 128 gold pieces.

Inventory:

Missiles
 l - a throwing net {!f}
Armour
 a - a +1 robe (worn)
Jewellery
 e - an amulet of magic regeneration (around neck)
   (You found it on level 3 of the Dungeon)
Scrolls
 c - 3 scrolls of identify {@r1}
 f - a scroll of amnesia
 g - a scroll of teleportation {unknown}
 i - a scroll of vulnerability {unknown}
 j - a scroll of enchant weapon
Potions
 b - a potion of flight
 d - a potion of curing {@q1}


   Skills:
 - Level 2.1 Dodging
 - Level 2.0 Stealth
 + Level 4.2 Spellcasting
 + Level 5.4 Conjurations
 + Level 6.7 Air Magic


You had 4 spell levels left.
You knew the following spells:

 Your Spells              Type           Power      Damage    Failure   Level
a - Shock                 Conj/Air       100%       1d9       1%          1
b - Airstrike             Air            14%        N/A       9%          4
d - Static Discharge      Conj/Air       25%        N/A       1%          2
s - Swiftness             Air            28%        N/A       2%          3

Your spell library contained the following spells:

 Spells                   Type           Power      Damage    Failure   Level


Dungeon Overview and Level Annotations

Branches:
Dungeon (4/15)
 Temple: D:4-7

Altars:
Cheibriados
Wu Jian

Annotations:
D:3 2 transporters, zazu2006's ghost, amateur NaWz
D:7 Menkaure


Innate Abilities, Weirdness & Mutations

You have a beak for a mouth.
You have claws for feet.
Your magical nature lets you fly swiftly and evasively.


Message History

There is an open door here.
There is an open door here.
There is an ornate altar of the Wu Jian Council here.
There is an open door here.
There is an open door here.
Key pressed, stopping explore.
Found a scroll of identify.
A sourceless malevolence fills the Dungeon...
You are sucked into a shaft and drop 3 floors!
The shaft crumbles and collapses.
Okay, then.
You reach down and open the door.
There is an open door here.
There is an open door here.
You reach down and open the door.
There is an open door here.
You reach down and open the door.
There is an open door here.
You reach down and open the door.
Menkaure, Prince of Dust comes into view.
Found 17 gold pieces.
There is an open door here.
You reach down and open the door.
There is an open door here.
A water moccasin and a centaur come into view.
The centaur shouts!
The water moccasin hisses angrily.
The centaur wields a +0 shortbow.
The centaur shoots an arrow.
The arrow hits you!
An orc comes into view.
It is wielding a +0 war axe and quivering poisoned darts.
The centaur shoots an arrow.
The arrow closely misses you.
The arrow closely misses the water moccasin.
The water moccasin bites you but does no damage.
The centaur shoots an arrow.
The arrow hits you!
* * * LOW HITPOINT WARNING * * *
The orc shouts!
The water moccasin bites you.
* * * LOW HITPOINT WARNING * * *
The water moccasin closely misses you.
As you read the scroll labelled DEINANN QUHU, it crumbles to dust.
It is a scroll of enchant weapon.
You aren't carrying any weapons that can be enchanted.
The water moccasin bites you.
* * * LOW HITPOINT WARNING * * *
As you read the scroll labelled DEFAIK EVVERGHI, it crumbles to dust.
It is a scroll of enchant armour.
Your +0 robe glows green for a moment.
The water moccasin closely misses you. x2
As you read the scroll labelled ETTODW OFEORGHE, it crumbles to dust.
The scroll dissolves into smoke.
It was a scroll of fog.
The water moccasin bites you!
You die...

#...#.......#.....
#.#.'.......####+#
#.###.......#.....
#.# #......##.....
#.# #......'......
#.#####...##......
#§##..#+#.#.......
#§##....#####.....
#@##c.....#.#'#...
#S##.....##...####
#c§#.....+......#
##.o....##......#
###....#.......#
#....#.......+
#....#.......#
#.#####......# #o#
+......#


You could see a water moccasin and a centaur.

Vanquished Creatures
  3 scorpions
  An orc priest (D:3)
  An iguana (D:4)
  A mummy (D:4)
  6 adders
  7 gnolls
  A howler monkey skeleton (D:4)
  2 worms (D:2)
  2 dart slugs
  6 orcs (D:3)
  9 ball pythons
  3 endoplasms
  A giant cockroach (D:1)
  3 goblins
  9 hobgoblins
  2 jackals (D:3)
  5 quokkas
  5 bats
  5 frilled lizards
  7 kobolds
  6 rats
85 creatures vanquished.

Notes
Turn   | Place    | Note
-------+----------+-------------------------------------------
     0 | D:1      | growler the Tengu Air Elementalist began the quest for the
                  | Orb.
     0 | D:1      | Reached XP level 1. HP: 10/10 MP: 4/4
   454 | D:1      | Reached XP level 2. HP: 14/15 MP: 0/6
   974 | D:1      | Learned a level 2 spell: Static Discharge
  1548 | D:2      | Reached XP level 3. HP: 17/19 MP: 2/7
  1554 | D:2      | Learned a level 3 spell: Swiftness
  1656 | D:2      | Found a faded altar of an unknown god.
  1967 | D:2      | Reached XP level 4. HP: 16/24 MP: 2/9
  1994 | D:2      | Reached skill level 5 in Air Magic
  2810 | D:3      | Gained mutation: Your magical nature lets you fly swiftly
                  | and evasively. [Tengu growth]
  2810 | D:3      | Reached XP level 5. HP: 28/28 MP: 4/10
  2815 | D:3      | Learned a level 4 spell: Airstrike
  3003 | D:3      | Found a transporter.
  3445 | D:3      | Noticed zazu2006's ghost (amateur NaWz)
  3446 | D:3      | Found a transporter.
  3446 | D:3      | Identified the +5 great mace "Gusifrow" {vorpal, rN++
                  | Str-3}
  3446 | D:3      | Noticed an ogre
  3509 | D:3      | Reached skill level 6 in Air Magic
  3509 | D:3      | Reached XP level 6. HP: 3/32 MP: 5/12
  3963 | D:4      | Found a snail-covered altar of Cheibriados.
  4167 | D:4      | Reached skill level 5 in Conjurations
  4364 | D:4      | Found an ornate altar of the Wu Jian Council.
  4898 | D:4      | Reached XP level 7. HP: 30/36 MP: 10/14
  5076 | D:4      | You are sucked into a shaft and drop 3 floors!
  5110 | D:7      | Noticed Menkaure
  5155 | D:7      | Slain by a water moccasin

Illustrated notes

Levels and vault maps discovered:
D:1:      tarquinn_simple_flora_water_b, layout_basic
D:2:      layout_basic, chequers_ecumenical_altar_simple
D:3:      layout_basic, gammafunk_ghost_smash, grunt_decor_resistance
D:4:      layout_loops_corners, amcnicky_altar_gilded,
          mainiacjoe_overflow_24_doors, slow_altar_2
D:7:      nicolae_cairo_tiling_very_big, layout_rooms,
          mainiacjoe_overflow_alcove_2, uniq_menkaure, uniq_crazy_yiuf_cottage

Skill      XL: |  1  2  3  4  5  6 |
---------------+-------------------+-----
Conjurations   | 2 3 4 5 |  5.4
Air Magic      | 5 6 |  6.7
Spellcasting   | 3 4 |  4.2
Dodging        | |  2.1
Stealth        | |  2.0

Action                   |  1- 3 |  4- 6 |  7- 9 || total
-------------------------+-------+-------+-------++-------
Melee: Unarmed           |    11 |     5 |       ||    16
       Peck              |     3 |       |       ||     3
       Kick              |     1 |     4 |       ||     5
 Cast: Shock             |    72 |    87 |     3 ||   162
       Static Discharge  |       |    27 |       ||    27
  Use: Scroll            |       |     2 |     3 ||     5
       Potion            |       |     1 |       ||     1
 Stab: Sleeping          |       |     1 |       ||     1
Armor: Robe              |     9 |     1 |     1 ||    11
Dodge: Dodged            |    19 |    16 |     4 ||    39
